 Dungeon Crawl Stone Soup version 0.18.1-50-g88ac8fd (webtiles) character file.

160 GammafunkIsABaby the Chiller (level 5, -2/31 HPs)
             Began as a High Elf Ice Elementalist on June 10, 2018.
             Was an Initiate of Yredelemnul.
             Slain by an ice beast (8 damage)
             ... on level 5 of the Dungeon.
             The game lasted 00:05:41 (705 turns).

GammafunkIsABaby the Chiller (HEIE)                  Turns: 705, Time: 00:05:43

Health: -2/31      AC:  4    Str:  7 (8)  XL:     5   Next: 17%
Magic:  11/11      EV: 13    Int: 18      God:    Yredelemnul [......]
Gold:   50         SH:  0    Dex: 16      Spells: 2 memorised, 6 levels left

rFire  . . .     SeeInvis .     g - +1 whip (flame)
rCold  . . .     Gourm    .     a - +0 robe
rNeg   . . .     Faith    .     (no shield)
rPois  .         Spirit   .     l - +0 helmet
rElec  .         Dismiss  .     (no cloak)
rCorr  .         Reflect  .     d - +0 pair of gloves
SustAt .         Harm     .     (no boots)
MR     .....                    (no amulet)
Stlth  ++........               (no ring)
                                (no ring)

@: not resistant to hostile enchantments, unstealthy
A: no striking features
a: Renounce Religion


You were on level 5 of the Dungeon.
You worshipped Yredelemnul.
Yredelemnul was noncommittal.
You were not hungry.

You visited 1 branch of the dungeon, and saw 5 of its levels.

You collected 50 gold pieces.

Inventory:

Hand Weapons
 g - a +1 whip of flaming (weapon)
Missiles
 f - 2 throwing nets (quivered)
 i - 5 javelins
Armour
 a - a +0 robe (worn)
 d - a +0 pair of gloves (worn)
 j - a +0 buckler
 l - a +0 helmet (worn)
Wands
 n - a wand of confusion (27/48)
Books
 b - a book of Frost

   Spells                             Type                      Level
   a - Freeze                         Ice                          1
   b - Throw Frost                    Conjuration/Ice              2
   c - Ozocubu's Armour               Charms/Ice                   3
   d - Throw Icicle                   Conjuration/Ice              4
   e - Summon Ice Beast               Ice/Summoning                4
Comestibles
 c - 3 bread rations
 m - a royal jelly


   Skills:
 - Level 2.1 Dodging
 - Level 2.1 Stealth
 - Level 3.6 Spellcasting
   Level 1.1 Conjurations
 + Level 0.5 Summonings
 - Level 5.2 Ice Magic


You had 6 spell levels left.
You knew the following spells:

 Your Spells              Type           Power        Failure   Level  Hunger
a - Freeze                Ice            ###.         1%          1    None
B - Summon Ice Beast      Ice/Summ       ##......     54%         4    ####...


Dungeon Overview and Level Annotations

Branches:
Dungeon (5/15)
 Temple: D:4-7

Altars:
Okawaru
Yredelemnul


Message History

You hit the ice beast but do no damage.
The ice beast is heavily wounded.
You hit the ice beast but do no damage.
The ice beast is heavily wounded.
You catch the helpless ice beast completely off-guard!
You hit the ice beast but do no damage.
The ice beast is heavily wounded.
The ice beast completely misses you.
You hit the ice beast but do no damage.
The ice beast is heavily wounded.
The ice beast misses you.
You hit the ice beast but do no damage.
The ice beast is heavily wounded.
You hit the ice beast.
You melt the ice beast.
The ice beast is severely wounded.
The ice beast hits you.
* * * LOW HITPOINT WARNING * * *
The ice beast freezes you!
You die...
Your body rises from the dead as a mindless zombie.

#..#
##.>..##
#..#
##>.)!..##
#..
#........#
#....##...#
#....#
#..## ....#
#...# .###
###w# #Y#
#@# #.# #.#
..# ###


You could see an ice beast (confused) and a worm.

Vanquished Creatures
  A howler monkey (D:5)
  2 orc wizards (D:5)
  A worker ant (D:4)
  A howler monkey skeleton (D:5)
  An adder (D:2)
  A giant gecko (D:2)
  3 orcs (D:5)
  2 bats
  3 hobgoblins
  3 ball pythons
  A giant newt (D:2)
  3 kobolds (D:2)
  A rat (D:2)
23 creatures vanquished.

Notes
Turn   | Place    | Note
--------------------------------------------------------------
     0 | D:1      | GammafunkIsABaby the High Elf Ice Elementalist began the quest for the Orb.
     0 | D:1      | Reached XP level 1. HP: 11/11 MP: 4/4
   135 | D:2      | Found a basalt altar of Yredelemnul.
   145 | D:2      | Became a worshipper of Yredelemnul the Dark
   149 | D:2      | Found an iron altar of Okawaru.
   190 | D:2      | Reached XP level 2. HP: 17/17 MP: 0/6
   343 | D:4      | Noticed an ogre
   413 | D:5      | Entered Level 5 of the Dungeon
   457 | D:4      | Reached XP level 3. HP: 19/21 MP: 3/9
   573 | D:5      | Reached skill level 4 in Ice Magic
   573 | D:5      | Reached XP level 4. HP: 26/27 MP: 4/10
   629 | D:5      | Reached skill level 5 in Ice Magic
   629 | D:5      | Reached XP level 5. HP: 16/31 MP: 3/11
   636 | D:5      | Learned a level 4 spell: Summon Ice Beast
   684 | D:5      | Noticed an ice beast
   705 | D:5      | Slain by an ice beast

Skill      XL: |  1  2  3  4 |
---------------+-------------+-----
Spellcasting   | 3 |  3.6
Ice Magic      | 4 5 |  5.2
Dodging        | |  2.1
Stealth        | |  2.1
Conjurations   | |  1.1
Summonings     | |  0.5

Action                   |  1- 3 |  4- 6 || total
-------------------------+-------+-------++-------
Melee: Unarmed           |    12 |       ||    12
       Whip              |       |    17 ||    17
 Cast: Freeze            |    32 |     9 ||    41
Evoke: Wand              |       |     1 ||     1
  Use: Potion            |     3 |     1 ||     4
       Scroll            |     3 |     1 ||     4
 Stab: Confused          |       |     3 ||     3
Armor: Skin              |    25 |       ||    25
       Robe              |    14 |    14 ||    28
Dodge: Dodged            |    34 |    17 ||    51
